 Dungeon Crawl Stone Soup version 0.26.1-11-gd32895ea62 (webtiles) character file.

Game seed: 5634137104183483821

228 Arcadio the Sneak (level 6, -3/39 HPs)
             Began as an Octopode Brigand on May 22, 2021.
             Was a Believer of Fedhas.
             Slain by an orc
             ... wielding a +0 falchion
              (4 damage)
             ... on level 3 of the Dungeon.
             The game lasted 00:08:16 (3204 turns).

Arcadio the Sneak (Octopode Brigand)                Turns: 3204, Time: 00:08:16

Health: -3/39      AC:  1    Str: 11    XL:     6   Next: 2%
Magic:  3/6        EV: 13    Int: 13    God:    Fedhas [**....]
Gold:   179        SH:  0    Dex: 15    Spells: 5/5 levels left

rFire    . . .     SeeInvis .   a - +2 dagger
rCold    . . .     Faith    .   (no shield)
rNeg     . . .     Spirit   .   (helmet restricted)
rPois    .         Reflect  .   (no amulet)
rElec    .         Harm     .   (no ring)
rCorr    .         Rampage  .   (no ring)
Will     .....                  (no ring)
Stlth    +++++.....             (no ring)
HPRegen  0.13/turn              (no ring)
MPRegen  0.10/turn              (no ring)
                                (no ring)
                                (no ring)

@: no status effects
A: almost no armour, stealthy swim, amphibious, 8 rings, constrict 8, camouflage
1, gelatinous body 1
a: Renounce Religion, Wall of Briars


You were on level 3 of the Dungeon.
You worshipped Fedhas.
Fedhas was pleased with you.
You visited 1 branch of the dungeon, and saw 4 of its levels.

You collected 179 gold pieces.

Inventory:

Hand Weapons
 a - a +2 dagger (weapon)
 s - a +2 short sword of venom
Missiles
 b - 8 poisoned darts (quivered)
 c - 2 curare-tipped darts
Jewellery
 g - an uncursed ring of poison resistance {unknown}
 h - a +4 ring of protection {unknown}
 j - an uncursed ring of wizardry {unknown}
Wands
 o - a wand of acid (7)
Scrolls
 k - a scroll of enchant armour
 l - a scroll of teleportation {unknown}
 m - 2 scrolls of immolation
 n - 2 scrolls of remove curse {unknown}
 q - a scroll of fear {unknown}
Potions
 d - a potion of lignification
 e - 2 potions of mutation
 i - a potion of curing
 r - a potion of magic


   Skills:
 - Level 2.0 Fighting
 + Level 4.4 Short Blades
 - Level 2.0 Throwing
 - Level 1.0 Dodging
 + Level 7.9 Stealth


You had 5 spell levels left.
You didn't know any spells.
Your spell library was empty.

Dungeon Overview and Level Annotations

Branches:
Dungeon (4/15)
 Temple: D:4-7

Altars:
Fedhas


Innate Abilities, Weirdness & Mutations

You cannot wear most types of armour.
You are very stealthy in the water. (Stealth+)
You are amphibious.
You can wear up to eight rings at the same time.
You can use your tentacles to constrict eight enemies at once.
Your skin changes colour to match your surroundings (Stealth+).
Your rubbery body absorbs attacks. (AC +1, EV +1)


Message History

* * * LOW HITPOINT WARNING * * *
x2 The orc closely misses you.
The orc barely misses you. The orc closely misses you.
The orc hits you with a +0 falchion.
* * * LOW HITPOINT WARNING * * *
You climb upwards.
There is a stone staircase leading down, spattered with blood here.
Okay, then.
As you read the scroll of fog, it crumbles to dust.
The scroll dissolves into smoke.
The orc barely misses you. x2
The orc misses you. The orc barely misses you. x2
The orc hits you from afar with a cursed -2 trident.
* * * LOW HITPOINT WARNING * * *
The orc misses you. The orc closely misses you. The orc closely misses you.
A briar patch grows up from the ground. x5; The orc barely misses you.
The orc hits you from afar with a cursed -2 trident.
* * * LOW HITPOINT WARNING * * *
You walk carefully through the plants.
The orc hits you with a +0 falchion.
You die...
Fedhas appreciates your contribution to the ecosystem.

###
..##############################
..............#..........#.....#
..............#..........#.....##
..............#..........#.......
.............o#P@........#.......
.............oooP.....)..'.......
..............#PP........####....
..............#..........# #...)
..#...#########..........# #####
..#...####### ############ ######
§.#...##....# #.......# #.....
###...##..†.######.......###.....
###...##...................#.....


You could see 3 orcs.

Vanquished Creatures
  An orc priest (D:3)
  Terence (D:2)
  3 gnolls (D:3)
  5 adders
  An adder skeleton (D:3)
  5 worms
  2 dart slugs
  4 leopard geckos
  3 orcs (D:3)
  5 bats
  4 giant cockroaches
  9 goblins
  6 hobgoblins
  7 jackals
  8 kobolds
  A quokka (D:2)
  A ball python (D:2)
  5 frilled lizards
  9 rats
80 creatures vanquished.

Vanquished Creatures (others)
  11 fungi (D:2)
  5 plants (D:2)
16 creatures vanquished.

Grand Total: 96 creatures vanquished

Notes
Turn   | Place    | Note
-------+----------+-------------------------------------------
     0 | D:1      | Arcadio the Octopode Brigand began the quest for the Orb.
     0 | D:1      | Reached XP level 1. HP: 14/14 MP: 1/1
   443 | D:1      | Reached XP level 2. HP: 19/19 MP: 2/2
   713 | D:2      | Found a blossoming altar of Fedhas.
   729 | D:2      | Reached skill level 6 in Stealth
   729 | D:2      | Reached XP level 3. HP: 24/24 MP: 3/3
   872 | D:2      | Became a worshipper of Fedhas Madash
   885 | D:2      | Noticed Terence
   888 | D:2      | Killed Terence
   889 | D:2      | Reached XP level 4. HP: 29/29 MP: 4/4
  1625 | D:2      | Reached * piety under Fedhas
  1936 | D:3      | Reached skill level 7 in Stealth
  2041 | D:3      | Reached XP level 5. HP: 28/34 MP: 5/5
  2585 | D:3      | Reached ** piety under Fedhas
  2729 | D:3      | Reached XP level 6. HP: 4/39 MP: 6/6
  3203 | D:3      | HP: 1/39 [orc/cursed -2 trident (6)]
  3204 | D:3      | Slain by an orc

Illustrated notes

Levels and vault maps discovered:
D:1:      minmay_arrival_three_doors, layout_basic
D:2:      layout_rooms, fedhas_altar_3, uniq_terence
D:3:      layout_basic
D:4:      layout_loops_ring, tgw_sif, uniq_sigmund

Skill      XL: |  1  2  3  4  5 |
---------------+----------------+-----
Stealth        | 6 7 |  7.9
Short Blades   | 3 4 |  4.4
Fighting       | |  2.0
Throwing       | |  2.0
Dodging        | |  1.0

Action                   |  1- 3 |  4- 6 || total
-------------------------+-------+-------++-------
Melee: Dagger            |    42 |   138 ||   180
       Constrict         |     9 |    35 ||    44
       Tentacles         |     5 |    24 ||    29
Invok: Wall of Briars    |       |     1 ||     1
  Use: Scroll            |     2 |     6 ||     8
       Potion            |       |     2 ||     2
 Stab: Sleeping          |     7 |    13 ||    20
       Distracted        |       |     1 ||     1
Armor: Skin              |     2 |     6 ||     8
Dodge: Dodged            |    18 |   102 ||   120
